Map: Port Aleksander LE

Players

Kraken

  • Race: Zerg Zerg
  • League: Diamond
  • Spawn Location: 5:00

Ragnon - Winner!

  • Race: Terran Terran
  • League: Diamond
  • Spawn Location: 11:00

VOD

Have the link to the VOD?

Description

Time

  • Played on: May 17, 2019, 11:03 p.m.
  • Length: 11:50
Show
View Real Time Build Order
Export as new Build Order

Kraken Zerg 

Build Orders: Hatch First 

Get SALT Encoding   

  12  0:01  Drone  
  13  0:13  Overlord  
  13  0:18  Drone  
  14  0:31  Drone x2  
  16  0:51  Hatchery  
  16  0:56  Drone, Extractor  
  15  0:59  Drone  
  16  1:20  Drone  
  16  1:21  Spawning Pool  
  16  1:22  Drone  
  17  1:26  Drone  
  18  1:38  Drone  
  19  1:51  Overlord  
  19  1:58  Drone  
  20  2:04  Drone  
  20  2:07  Drone  
  22  2:09  Queen  
  22  2:13  Metabolic Boost  
  24  2:16  Drone  
  25  2:29  Roach Warren  
  24  2:31  Drone  
  24  2:32  Drone x2  
  27  2:38  Spine Crawler  
  27  2:42  Zergling x2  
  27  2:48  Zergling x2  
  27  2:49  Zergling x2  
  29  2:57  Queen  
  29  3:02  Zergling x2  
  29  3:03  Zergling x2  
  30  3:13  Drone  
  30  3:14  Drone  
  30  3:15  Drone  
  33  3:41  Overlord  
  33  3:42  Overlord  
  33  3:43  Drone  
  33  3:44  Drone x2  
  36  3:49  Extractor  
  36  3:52  Extractor  
  36  3:54  Overlord  
  35  3:55  Drone  
  35  3:56  Drone  
  36  4:04  Drone  
  37  4:20  Drone  
  37  4:21  Drone x8  
  46  4:31  Extractor  
  45  4:38  Overlord  
  45  4:40  Roach x3  
  51  4:49  Drone x4  
  51  4:51  Roach  
  57  4:56  Overlord  
  57  5:03  Lair  
  57  5:07  Drone  
  58  5:09  Drone x2  
  58  5:10  Drone  
  58  5:11  Overlord x2  
  56  5:29  Roach x4  
  56  5:33  Spore Crawler  
  63  5:40  Spore Crawler  
  63  5:42  Spore Crawler  
  58  5:46  Spore Crawler  
  51  6:05  Queen  
  51  6:09  Drone  
  51  6:10  Drone x5  
  59  6:26  Roach x7  
  73  6:43  Spore Crawler  
  73  6:45  Queen  
  71  6:57  Roach x5  
  71  6:58  Roach x2  
  85  7:05  Spore Crawler  
  84  7:12  Ravager x5  
  84  7:13  Ravager x3  
  84  7:15  Overlord x2  
  92  7:29  Overlord  
  92  7:37  Ravager x10  
  102  7:50  Roach x6  
  114  8:06  Roach  
  114  8:08  Overlord x3  
  107  8:26  Roach x4  
  107  8:27  Roach x2  
  112  8:47  Roach  
  112  8:48  Roach x3  
  99  9:17  Roach  
  99  9:19  Ravager x5  
  99  9:22  Zergling x14  
  66  9:55  Roach x4  
  66  9:56  Roach x2  
  54  10:15  Roach x2  
  56  10:33  Hatchery  
  56  10:34  Infestation Pit  
  55  10:35  Zergling x2  
  55  10:36  Zergling x6  
  58  10:46  Roach x2  
  58  10:47  Roach x6  
  58  10:48  Ravager  
  58  10:49  Ravager x2  
  77  10:58  Evolution Chamber  
  77  11:00  Evolution Chamber  
  73  11:20  Extractor  
  73  11:21  Roach  
  73  11:22  Roach x7  
Show
View Real Time Build Order
Export as new Build Order

Ragnon Terran - Winner!

Build Orders: Reaper Expand, Hellion Banshee 

Get SALT Encoding   

  12  0:01  SCV  
  13  0:13  SCV  
  14  0:18  Supply Depot  
  14  0:25  SCV  
  15  0:39  Refinery  
  15  0:40  SCV  
  16  0:46  Barracks  
  16  0:52  SCV  
  17  1:04  SCV  
  18  1:16  SCV  
  19  1:32  Orbital Command  
  19  1:33  Reaper  
  20  1:47  Command Center  
  20  1:58  SCV  
  20  1:59  Supply Depot  
  21  2:06  Marine  
  22  2:10  SCV  
  23  2:16  Factory  
  23  2:21  Refinery  
  23  2:27  Barracks Reactor  
  24  2:30  SCV  
  24  3:07  SCV  
  25  3:13  Starport, Orbital Command  
  25  3:15  Barracks Tech Lab  
  25  3:17  Hellion x2  
  25  3:19  SCV  
  30  3:35  SCV  
  30  3:40  Hellion x2  
  34  3:42  SCV  
  34  3:47  SCV  
  36  3:56  SCV  
  36  3:59  Barracks Tech Lab, SCV  
  36  4:00  Supply Depot, Banshee, Cloaking Field  
  36  4:01  Hellion  
  36  4:02  Hellion  
  45  4:08  SCV  
  46  4:15  Supply Depot  
  46  4:21  SCV x2  
  48  4:33  SCV x2  
  50  4:40  Barracks  
  50  4:43  Command Center, Barracks  
  50  4:45  SCV x2  
  50  4:47  Factory Reactor  
  50  4:48  Banshee  
  50  4:49  Marine  
  56  4:58  SCV  
  57  5:00  Supply Depot  
  57  5:06  SCV  
  58  5:09  Engineering Bay  
  58  5:10  SCV  
  58  5:12  Engineering Bay  
  59  5:18  SCV  
  60  5:36  Marine  
  60  5:37  SCV x2  
  60  5:39  Refinery  
  60  5:41  Terran Infantry Weapons Level 1, Terran Infantry Armor Level 1, Refinery  
  63  5:43  Starport Reactor  
  63  5:49  Marine x4, SCV x2  
  67  5:54  Marine  
  58  6:06  Orbital Command  
  58  6:07  Marine  
  59  6:12  Marine x4  
  59  6:15  Stimpack  
  59  6:17  Siege Tank  
  66  6:18  SCV  
  66  6:19  SCV  
  66  6:25  Marine  
  69  6:29  Medivac  
  69  6:30  Medivac, Marine x4  
  69  6:31  SCV x2  
  79  6:42  Marine  
  79  6:43  SCV  
  81  6:53  Marine x4  
  85  6:58  Orbital Command  
  85  7:09  Siege Tank  
  85  7:11  Marine  
  85  7:20  Armory  
  85  7:23  SCV x2  
  85  7:24  Marine  
  85  7:25  Barracks  
  85  7:26  Barracks  
  85  7:27  Factory  
  85  7:34  Supply Depot  
  85  7:38  Supply Depot  
  85  7:40  Marine x4, SCV x3  
  85  7:41  Siege Tank  
  95  7:44  Medivac x2  
  95  7:45  Marine  
  100  7:53  SCV  
  100  7:56  SCV  
  102  8:11  Marine  
  102  8:12  Marine x2  
  105  8:13  Barracks Reactor x2  
  105  8:14  Marine x2, Factory Tech Lab  
  105  8:15  Combat Shield  
  95  8:24  Siege Tank  
  89  8:29  Marine  
  90  8:34  SCV x3  
  90  8:36  Terran Infantry Armor Level 2, Terran Infantry Weapons Level 2  
  90  8:39  Marauder, Marine x3  
  96  8:45  Orbital Command  
  96  8:46  SCV x2  
  96  8:47  Marine  
  80  8:55  Marine  
  80  8:56  Marine x4  
  80  8:57  Marine x2  
  80  9:00  Marine  
  87  9:05  Marine  
  85  9:13  Marine  
  85  9:14  Marine x3  
  85  9:15  Siege Tank x2, Marine  
  85  9:16  Marine x2  
  98  9:18  Marine  
  98  9:19  Orbital Command  
  98  9:21  SCV x2  
  101  9:34  Marine  
  101  9:35  Marine  
  101  9:36  Marine x2  
  101  9:37  Marine, SCV  
  101  9:38  Supply Depot x2, Marine x4, SCV  
  106  9:39  Supply Depot  
  92  9:47  Siege Tank  
  92  9:52  Marine  
  91  9:53  Marine  
  91  9:54  Marine x2  
  91  9:55  Marine  
  91  9:56  Marine x4  
  97  10:00  SCV x3  
  95  10:10  Marine  
  95  10:11  Marine  
  95  10:12  Marine x2  
  95  10:13  Marine x5  
  102  10:22  Supply Depot  
  102  10:23  Supply Depot  
  102  10:24  Supply Depot  
  102  10:27  Siege Tank x2, Marine  
  109  10:29  Marine  
  109  10:30  Marine x2, SCV x3  
  109  10:31  Marine x2  
  109  10:32  Refinery x2  
  117  10:40  Command Center  
  117  10:42  SCV x3  
  120  10:50  Marine x5  
  120  10:51  Marine x4  
  129  11:05  Supply Depot  
  129  11:06  Supply Depot  
  129  11:08  Supply Depot, Marine x6  
  129  11:09  Supply Depot  
  129  11:10  Marine  
  136  11:11  Marine x2  
  136  11:26  Marine x6  
  136  11:28  Marine  
Tags
 
Add a new tag
Caveats
  • Supply blocks, unpowered buildings, or Contaminate may cause inaccurate times.
  • Supply counts are checked every 10 seconds.